 Dungeon Crawl Stone Soup version 0.23.0-3-gf3c87f2df8 (webtiles) character file.

Game seed: 1610263728436386677

1068 GotenAND the Chopper (level 8, -2/72 HPs)
             Began as a Deep Dwarf Fighter on Feb 24, 2019.
             Was a Plaything of Xom.
             Slain by a yak (4 damage)
             ... while petrified by a basilisk
             ... on level 9 of the Dungeon.
             The game lasted 00:09:33 (3747 turns).

GotenAND the Chopper (Deep Dwarf Fighter)           Turns: 3747, Time: 00:09:34

Health: -2/72      AC:  9    Str: 20    XL:     8   Next: 7%
Magic:  8/8        EV:  2    Int: 13    God:    Xom [.....*]
Gold:   513        SH:  0    Dex: 12    Spells: 11/11 levels left

rFire    . . .     SeeInvis .   a - +1 war axe
rCold    . . .     Gourm    .   c - +0 shield
rNeg     + + +     Faith    .   b - +0 scale mail
rPois    ∞         Spirit   .   (no helmet)
rElec    .         Reflect  .   m - +0 cloak
rCorr    .         Harm     .   (no gloves)
MR       +....     Clarity  +   t - +0 pair of boots
Stlth    ..........             (no amulet)
HPRegen  0.00/turn              (no ring)
MPRegen  0.11/turn              (no ring)

@: lethally poisoned (-2 -> -2), petrified, non-regenerating
A: damage resistance, heal wounds, clarity, clever 1, sense surroundings 1, no
regeneration
a: Heal Wounds, Renounce Religion


You were on level 9 of the Dungeon.
You worshipped Xom.
You were Xom's teddy bear.
You were not hungry.

You visited 2 branches of the dungeon, and saw 8 of its levels.

You collected 513 gold pieces.

Inventory:

Hand Weapons
 a - a +1 war axe (weapon)
Armour
 b - a +0 scale mail (worn)
 c - a +0 shield (worn)
 m - a +0 cloak (worn)
 t - a +0 pair of boots (worn)
Wands
 k - a wand of disintegration (8)
Scrolls
 i - a scroll of enchant armour {unknown}
 j - 5 scrolls of remove curse
 n - 2 scrolls of immolation
 p - 2 scrolls of fear
 s - a scroll of magic mapping
 u - a scroll of teleportation
Potions
 d - a potion of might
 e - a potion of agility {unknown}
 g - a potion of ambrosia
 h - 2 potions of curing
 l - a potion of mutation
 o - a potion of cancellation
 v - a potion of lignification {unknown}
 x - a potion of brilliance {unknown}
 z - a potion of flight {unknown}
Comestibles
 f - 13 rations
 q - a chunk of flesh


   Skills:
 * Level 4.3 Fighting
 * Level 6.8 Axes
 * Level 5.4 Armour
 * Level 5.3 Shields
 * Level 2.2 Spellcasting


You had 11 spell levels left.
You didn't know any spells.
Your spell library contained the following spells:

 Spells                   Type           Power        Failure   Level  Hunger
 Animate Skeleton         Necr           N/A          93%         1    ##.....
 Apportation              Tloc           #.....       93%         1    ##.....
 Confusing Touch          Hex            #.....       93%         1    ##.....
 Summon Small Mammal      Summ           #...         93%         1    ##.....
 Bolt of Magma            Conj/Fire/Erth #.........   100%        5    ######.
 Iskenderun's Battlesphe  Conj/Chrm      #.......     100%        5    ######.
 Venom Bolt               Conj/Pois      #.........   100%        5    ######.
 Iron Shot                Conj/Erth      #.........   100%        6    #######
 Orb of Destruction       Conj           #.........   100%        7    #######
 Spellforged Servitor     Conj/Summ      #.........   100%        7    #######


Dungeon Overview and Level Annotations

Branches:
Dungeon (6/15)             Temple (1/1) D:5

Altars:
Ashenzari
Cheibriados
Dithmenos
Elyvilon
Hepliaklqana
Kikubaaqudgha
Makhleb
Nemelex Xobeh
Okawaru
Qazlal
Ru
Sif Muna
Trog
Uskayaw
Vehumet
Wu Jian
Xom
Zin
The Shining One


Innate Abilities, Weirdness & Mutations

You are resistant to damage.
You can heal yourself by infusing magical energy.
You passively map a small area around you.
You do not regenerate.
You possess an exceptional clarity of mind.
Your mind is acute. (Int +2)


Message History

The yak gores you.
* * * LOW HITPOINT WARNING * * *
The yak gores the plant but does no damage.
The crocodile bites you!
* * * LOW HITPOINT WARNING * * *
The yak gores you but does no damage. The wight hits you with a +3 scimitar.
* * * LOW HITPOINT WARNING * * *
The basilisk bites you!
* * * LOW HITPOINT WARNING * * *
The yak gores you but does no damage. The crocodile bites you.
The yak gores you but does no damage. The wight hits you but does no damage.
The crocodile bites you but does no damage.
The yak gores you but does no damage. The wight hits you but does no damage.
The basilisk bites you. The yak gores you!
* * * LOW HITPOINT WARNING * * *
The crocodile bites you but does no damage.
The yak gores you!
You die...
Xom roars with laughter! , ,..P.., , * ....?##### * , ..P.♣P...# .........###### , .....)........# ...P...Y......# * ..PPPzlPzY....#

,,♣WY@tz....#
.P..P†YYt......
,
......†.......#
* ,,
P.P....#.......
* , ....P..
......# .P....#
......# *
P.P... ......#
, ....##
....... *, * ,
,


You could see 5 yaks, a phantom, a basilisk, 2 crocodiles and 3 wights.

Vanquished Creatures
  The ghost of icedog the Ducker, an amateur GnGl (D:3)
  Edmund (D:5)
  A sky beast (D:5)
  2 crimson imps (D:5)
  A bullfrog zombie (D:3)
  A centaur zombie (D:3)
  2 jellies
  5 orc wizards
  Crazy Yiuf (D:5)
  A hound (D:4)
  2 centaur skeletons
  4 worker ants
  An iguana (D:6)
  2 worker ant zombies
  A howler monkey skeleton (D:5)
  5 adders
  A worm (D:2)
  3 leopard geckos
  11 orcs
  4 giant cockroaches
  5 goblins
  4 hobgoblins
  6 jackals
  2 kobolds
  9 bats
  5 frilled lizards
  A quokka skeleton (D:4)
  7 rats
  4 fungi (D:5)
  A plant (D:9)
94 creatures vanquished.

Vanquished Creatures (others)
  3 porcupines (D:9)
  2 wights (D:9)
  An iguana (D:9)
  An adder (D:9)
  2 plants (D:9)
9 creatures vanquished.

Grand Total: 103 creatures vanquished

Notes
Turn   | Place    | Note
-------+----------+-------------------------------------------
     0 | D:1      | GotenAND the Deep Dwarf Fighter began the quest for the
                  | Orb.
     0 | D:1      | Reached XP level 1. HP: 20/20 MP: 1/1
   143 | D:1      | Reached XP level 2. HP: 21/27 MP: 2/2
   704 | D:2      | Reached XP level 3. HP: 29/34 MP: 3/3
  1307 | D:3      | Reached skill level 3 in Axes
  1340 | D:3      | Reached XP level 4. HP: 25/42 MP: 3/5
  1721 | D:3      | Found a runed translucent gate.
  1722 | D:3      | Found a runed translucent gate.
  1722 | D:3      | Found a runed translucent gate.
  1724 | D:3      | Noticed icedog's ghost (amateur GnGl)
  1740 | D:3      | Reached skill level 1 in Spellcasting
  1747 | D:3      | Reached XP level 5. HP: 33/49 MP: 5/5
  1748 | D:3      | Reached skill level 4 in Axes
  1753 | D:3      | Killed icedog's ghost
  1753 | D:3      | Reached XP level 6. HP: 39/56 MP: 5/7
  2237 | D:4      | Reached skill level 5 in Axes
  2444 | D:5      | Entered Level 5 of the Dungeon
  2451 | D:5      | Noticed Edmund
  2468 | D:5      | Killed Edmund
  2468 | D:5      | Reached skill level 5 in Armour
  2468 | D:5      | Reached XP level 7. HP: 37/63 MP: 7/7
  2629 | D:5      | Found a hazy altar of Hepliaklqana.
  2652 | D:5      | Found a radiant altar of Vehumet.
  2694 | D:5      | Reached skill level 6 in Axes
  2694 | D:5      | Reached skill level 5 in Shields
  2774 | D:5      | Found a staircase to the Ecumenical Temple.
  2786 | Temple   | Entered the Ecumenical Temple
  2905 | Temple   | Became a worshipper of Xom of Chaos
  3234 | D:5      | Found a shadowy altar of Dithmenos.
  3240 | D:5      | Found a glowing silver altar of Zin.
  3284 | D:5      | XOM: potion effect (curing)
  3456 | D:5      | Found a runed translucent door.
  3457 | D:5      | Noticed Crazy Yiuf
  3464 | D:5      | Paralysed by Crazy Yiuf for 5 turns
  3469 | D:5      | Killed Crazy Yiuf
  3469 | D:5      | Reached XP level 8. HP: 28/72 MP: 9/9
  3584 | D:5      | Gained mutation: You possess an exceptional clarity of
                  | mind. [potion of mutation]
  3584 | D:5      | Gained mutation: Your mind is acute. (Int +2) [potion of
                  | mutation]
  3730 | D:6      | You fall through a shaft for 3 floors!
  3735 | D:9      | XOM: potion effect (curing)
  3740 | D:9      | XOM: smoke on damage
  3744 | D:9      | XOM: destruction
  3747 | D:9      | HP: 2/72 [yak (5)]
  3747 | D:9      | Slain by a yak

Skill      XL: |  1  2  3  4  5  6  7 |
---------------+----------------------+-----
Fighting       | 3 4 |  4.3
Axes           | 3 4 5 6 |  6.8
Armour         | 4 5 |  5.4
Shields        | 4 5 |  5.3
Spellcasting   | 1 2 |  2.2

Action                   |  1- 3 |  4- 6 |  7- 9 || total
-------------------------+-------+-------+-------++-------
Melee: War axe           |   123 |   107 |   108 ||   338
 Abil: Heal Wounds       |     1 |     7 |     6 ||    14
  Use: Scroll            |       |       |    14 ||    14
       Potion            |       |       |     1 ||     1
  Eat: Chunk             |     2 |     1 |     3 ||     6
       Ration            |       |     1 |       ||     1
Armor: Scale mail        |    54 |    50 |    64 ||   168
Dodge: Dodged            |    42 |    44 |    32 ||   118
Block: Shield            |    74 |    78 |    51 ||   203
